 Dungeon Crawl Stone Soup version 0.31-a0-702-gf82c85558f (webtiles) character file.

Game seed: 14399848796420084870

1006 qw the Skirmisher (level 8, -2/49 HPs)
             Began as a Gargoyle Hunter on Sept 8, 2023.
             Slain by Duvessa
             ... wielding a +0 short sword of venom
              (8 damage)
             ... on level 5 of the Dungeon.
             The game lasted 00:01:38 (4260 turns).

qw the Skirmisher (Gargoyle Hunter)                 Turns: 4260, Time: 00:01:39

Health: -2/49      AC: 12    Str: 15    XL:     8   Next: 20%
Magic:  8/8        EV: 11    Int: 13    God:
Gold:   312        SH:  0    Dex: 15    Spells: 7/7 levels left

rFire   . . .        Y - +0 shortbow
rCold   + + .        (shield currently unavailable)
rNeg    + . .        i - +0 ring mail
rPois   inf          (no helmet)
rElec   +            (no cloak)
rCorr   .            f - +0 pair of gloves
SInv    +            (no boots)
Will    .....        a - amulet "Oniqot" {Faith rC+ Int+3 SInv}
Stlth   +            g - ring of protection from cold
HPRegen 0.28/turn    (no ring)
MPRegen 0.11/turn

%: faith
@: no status effects
A: sickness immunity, AC +5, negative energy resistance 1, electricity
resistance, torment resistance 1, petrification resistance
a: no special abilities


You were on level 5 of the Dungeon.
You visited 1 branch of the dungeon, and saw 5 of its levels.

You collected 312 gold pieces.


Innate Abilities, Weirdness & Mutations

You are immune to sickness and miasma.
Your stone body is resilient. (AC +5)
You are immune to poison.
You resist negative energy. (rN+)
You are resistant to electric shocks. (rElec)
You are resistant to unholy torment.
You are immune to petrification.


   Skills:
 - Level 5.1 Fighting
 + Level 8.7 Ranged Weapons
 - Level 2.4 Armour
 - Level 2.0 Dodging
 - Level 1.1 Stealth


You had 7 spell levels left.
You didn't know any spells.
Your spell library was empty.

Inventory:

Hand Weapons
 Y - a +0 shortbow (weapon)
Armour
 f - a +0 pair of gloves (worn)
 i - a +0 ring mail (worn)
Jewellery
 a - the amulet "Oniqot" (around neck) {Faith rC+ Int+3 SInv}
   (You acquired it on level 1 of the Dungeon)

   [amulet of faith]

   Faith:     It allows you to gain divine favour quickly.
   Int+3:     It affects your intelligence (+3).
   rC+:       It protects you from cold.
   SInv:      It lets you see invisible.
 c - an amulet of regeneration
 g - a ring of protection from cold (left hand)
Scrolls
 b - a scroll of identify
Potions
 d - a potion of might
 e - a potion of lignification {unknown}
 h - a potion of haste {unknown}
 j - 2 potions of magic {unknown}
 k - a potion of ambrosia {unknown}

Dungeon Overview and Level Annotations

Branches:
Dungeon (5/15)
 Temple: D:4-7

Altars:
Ashenzari
Qazlal
Ru
Zin

Annotations:
D:2 1 runed translucent door, Crazy Yiuf
D:3 2 runed translucent doors, qw's ghost, amateur GrHu
D:5 Dowan; Duvessa


Message History

Dowan completely misses you.
You shoot an arrow. The arrow closely misses Duvessa.
Duvessa hits you but does no damage. Dowan hits you with a +0 dagger.
You shoot an arrow. The arrow hits Duvessa.
Duvessa is heavily wounded.
Duvessa hits you but does no damage. Dowan closely misses you.
You shoot an arrow. The arrow hits Duvessa.
Duvessa is heavily wounded.
Duvessa hits you with a +0 short sword of venom.
Dowan hits you but does no damage.
You shoot an arrow. The arrow hits Duvessa.
Duvessa is severely wounded.
Duvessa hits you with a +0 short sword of venom.
Dowan hits you but does no damage.
You shoot an arrow. The arrow barely misses Duvessa.
Duvessa hits you with a +0 short sword of venom.
Dowan closely misses you.
You shoot an arrow. The arrow hits Duvessa!
Duvessa is almost dead.
Duvessa barely misses you. Dowan misses you. Duvessa barely misses you.
Dowan completely misses you.
You shoot an arrow. The arrow barely misses Duvessa.
Duvessa hits you with a +0 short sword of venom.
Dowan hits you but does no damage.
You shoot an arrow.
The arrow hits Duvessa but does no damage.
Duvessa is almost dead.
Duvessa hits you but does no damage.
Dowan casts a spell at Duvessa.
Duvessa seems to speed up.
You shoot an arrow. The arrow hits Duvessa.
Duvessa is almost dead.
Duvessa hits you with a +0 short sword of venom.
Dowan closely misses you.
You shoot an arrow. The arrow barely misses Duvessa.
Duvessa says, "When magic and the sword combine, nothing stands against them."
Duvessa hits you with a +0 short sword of venom.
Dowan hits you with a +0 dagger.
Duvessa hits you with a +0 short sword of venom!
You die...

#.##......########
.####.######.##
.............#
.###.#######.# . #.#
##)## . #.# ##.).##
####.# ##.....## .....#
#.......##
#...####>.......@#
.......+........ee......
#...####.........###....
##.## ##.......## .#
#### ##.....## # ##...##
# ..... # ###.# #


You could see Duvessa (fast) and Dowan.

Vanquished Creatures
  Grinder (D:5)
  Sigmund (D:3)
  A phantom (D:3)
  A scorpion (D:5)
  A gnoll sergeant (D:5)
  2 hounds
  3 orc priests
  An iguana (D:5)
  2 orc wizards
  5 adders
  5 gnolls (D:5)
  A river rat (D:3)
  A worm (D:2)
  5 dart slugs
  12 orcs
  7 bats
  6 endoplasms
  6 giant cockroaches
  5 goblins
  7 hobgoblins
  A jackal (D:2)
  6 quokkas
  9 ball pythons
  6 frilled lizards
  3 kobolds
  5 rats
103 creatures vanquished.

Vanquished Creatures (others)
  An orc wizard (D:5)
1 creature vanquished.

Grand Total: 104 creatures vanquished

Notes
Turn   | Place    | Note
-------+----------+-------------------------------------------
     0 | D:1      | qw the Gargoyle Hunter began the quest for the Orb.
     0 | D:1      | Reached XP level 1. HP: 12/12 MP: 1/1
     0 | D:1      | 0 ||| qw: Version: 0.3-a-76-g4403597
     0 | D:1      | 0 ||| qw: Game counter: 944
     0 | D:1      | 0 ||| qw: Melee chars always use a shield: true
     0 | D:1      | 0 ||| qw: God list: Okawaru
     0 | D:1      | 0 ||| qw: Allow faded altars: false
     0 | D:1      | 0 ||| qw: Do Orc after clearing Dungeon:15 true
     0 | D:1      | 0 ||| qw: Do second Lair branch before Depths: true
     0 | D:1      | 0 ||| qw: Lair rune preference: random
     0 | D:1      | 0 ||| qw: Goals: Normal
     0 | D:1      | 0 ||| PLANNING D:1-11
   176 | D:1      | Reached XP level 2. HP: 17/17 MP: 2/2
   396 | D:1      | Reached XP level 3. HP: 21/21 MP: 3/3
   473 | D:1      | Reached skill level 5 in Ranged Weapons
   532 | D:1      | 532 ||| UPGRADING to ring of protection from cold.
   533 | D:1      | 533 ||| READING scroll labelled ZITSEB AWERIX.
   533 | D:1      | Identified a scroll of acquirement
   533 | D:1      | 533 ||| ACQUIRING amulet "Oniqot" {Faith rC+ Int+3 SInv}
   533 | D:1      | Acquired the amulet "Oniqot" {Faith rC+ Int+3 SInv}
   535 | D:1      | 535 ||| UPGRADING to amulet "Oniqot" {Faith rC+ Int+3
                  | SInv}.
   540 | D:1      | 540 ||| READING scroll labelled QIPPEE QOUMP.
   641 | D:1      | 641 ||| DROPPING scroll of butterflies.
   829 | D:2      | 829 ||| FLEEEEING.
   830 | D:2      | 830 ||| FLEEEEING.
   831 | D:2      | 831 ||| FLEEEEING.
   832 | D:2      | 832 ||| FLEEEEING.
   833 | D:2      | 833 ||| FLEEEEING.
   834 | D:2      | 834 ||| FLEEEEING.
   835 | D:2      | 835 ||| FLEEEEING.
   836 | D:2      | 836 ||| FLEEEEING.
   837 | D:2      | 837 ||| FLEEEEING.
   838 | D:2      | 838 ||| FLEEEEING.
   839 | D:2      | 839 ||| FLEEEEING.
   840 | D:2      | 840 ||| FLEEEEING.
   841 | D:2      | 841 ||| FLEEEEING.
   842 | D:2      | 842 ||| FLEEEEING.
   843 | D:2      | 843 ||| FLEEEEING.
   844 | D:2      | 844 ||| FLEEEEING.
   845 | D:2      | 845 ||| FLEEEEING.
   846 | D:2      | 846 ||| FLEEEEING.
   847 | D:2      | 847 ||| FLEEEEING.
   848 | D:2      | 848 ||| FLEEEEING.
   849 | D:2      | 849 ||| FLEEEEING.
   850 | D:2      | 850 ||| FLEEEEING.
   852 | D:2      | 852 ||| FLEEEEING.
   853 | D:2      | 853 ||| FLEEEEING.
   854 | D:2      | 854 ||| FLEEEEING.
   855 | D:2      | 855 ||| FLEEEEING.
   856 | D:2      | 856 ||| FLEEEEING.
   857 | D:2      | 857 ||| FLEEEEING.
   858 | D:2      | 858 ||| FLEEEEING.
   859 | D:2      | 859 ||| FLEEEEING.
   860 | D:2      | 860 ||| FLEEEEING.
   861 | D:2      | 861 ||| FLEEEEING.
   883 | D:2      | Found a runed translucent door.
   884 | D:2      | Noticed Crazy Yiuf
   962 | D:2      | Reached skill level 3 in Fighting
  1012 | D:2      | Reached XP level 4. HP: 28/28 MP: 4/4
  1362 | D:2      | 1362 ||| READING scroll labelled NUZOCE RETH.
  1363 | D:2      | 1363 ||| READING scroll labelled ECYICW BAUHIF.
  1387 | D:3      | 1387 ||| PLANNING SEWER
  1449 | D:3      | Found a faded altar of an unknown god.
  1552 | D:3      | Found a runed translucent door.
  1555 | D:3      | Noticed qw's ghost (amateur GrHu)
  1565 | D:3      | Noticed a phantom
  1577 | D:3      | 1577 ||| Stepping ~*~*~tactically~*~*~ (water).
  1579 | D:3      | Killed a phantom
  1580 | D:3      | Reached skill level 6 in Ranged Weapons
  1580 | D:3      | Reached XP level 5. HP: 14/32 MP: 5/5
  1742 | D:3      | Found a stormy altar of Qazlal.
  1780 | D:3      | Noticed Sigmund
  1796 | D:3      | HP: 2/32 [Sigmund/puff of flame (10)]
  1797 | D:3      | Killed Sigmund
  1798 | D:3      | Reached XP level 6. HP: 3/40 MP: 6/6
  2125 | D:3      | Found a broken altar of Ashenzari.
  2159 | D:3      | 2159 ||| RIP SEWER
  2193 | D:3      | Found a runed translucent door.
  2260 | D:3      | 2260 ||| PLANNING D:1-11
  2450 | D:3      | 2450 ||| READING 2 scrolls labelled SUWECZ GEOJ.
  2543 | D:4      | 2543 ||| Stepping ~*~*~tactically~*~*~ (outnumbered).
  2545 | D:4      | 2545 ||| Stepping ~*~*~tactically~*~*~ (outnumbered).
  2560 | D:4      | Reached XP level 7. HP: 32/44 MP: 7/7
  2576 | D:4      | 2576 ||| FLEEEEING.
  2597 | D:4      | Reached skill level 7 in Ranged Weapons
  3068 | D:4      | Found a sacrificial altar of Ru.
  3069 | D:4      | Found a glowing silver altar of Zin.
  3070 | D:4      | 3070 ||| UPGRADING to +0 ring mail.
  3080 | D:4      | 3080 ||| DROPPING +0 leather armour.
  3081 | D:4      | 3081 ||| DRINKING 2 yellow potions.
  3082 | D:4      | 3082 ||| READING 2 scrolls of identify.
  3082 | D:4      | 3082 ||| IDENTIFYING murky emerald potion
  3083 | D:4      | 3083 ||| DROPPING potion of brilliance.
  3128 | D:5      | Entered Level 5 of the Dungeon
  3142 | D:5      | Reached skill level 1 in Armour
  3339 | D:5      | 3339 ||| Stepping ~*~*~tactically~*~*~ (outnumbered).
  3478 | D:5      | 3478 ||| UPGRADING to +0 pair of gloves.
  3483 | D:5      | 3483 ||| READING scroll labelled HIUGEZX PEGA.
  3491 | D:5      | 3491 ||| STAIRDANCE
  3692 | D:5      | Noticed Grinder
  3699 | D:5      | Paralysed by Grinder for 3 turns
  3710 | D:5      | Killed Grinder
  3711 | D:5      | Reached skill level 8 in Ranged Weapons
  3718 | D:5      | Reached XP level 8. HP: 28/49 MP: 8/8
  3757 | D:5      | 3757 ||| Stepping ~*~*~tactically~*~*~ (outnumbered).
  3763 | D:5      | HP: 6/49 [gnoll/+0 halberd[a gnoll sergeant] (9)]
  4088 | D:5      | HP: 11/49 [orc/+0 whip (3)]
  4241 | D:5      | Noticed Duvessa
  4241 | D:5      | Noticed Dowan
  4260 | D:5      | HP: 9/49 [Duvessa/+0 short sword of venom (4)]
  4260 | D:5      | Slain by Duvessa

Levels and vault maps discovered:
D:1:      spicycebolla_green_bress_n_ham_2, layout_rooms, grunt_decor_arrowhead
D:2:      layout_loops_ring, minmay_diced_spiral, uniq_crazy_yiuf_cottage
D:3:      layout_loops_ring, nicolae_ashenzari_skybound, pf_just_have_faith,
          ebering_ghost_sewer_f, gup_sewer_entry_bowl, basic_ecumenical_altar,
          grunt_ministairs_13, skrybe_limestone_x, hangedman_decor_push,
          uniq_sigmund
D:4:      layout_cave_pools, nicolae_overflow_hidden_temple
D:5:      layout_loops_corners, serial_shops, shop, uniq_duvessa, uniq_grinder,
          uniq_blork_the_orc

Skill      XL: |  1  2  3  4  5  6  7  8 |
---------------+-------------------------+-----
Ranged Weapons | 5 6 8 |  8.7
Fighting       | 3 5 |  5.1
Armour         | 2 |  2.4
Dodging        | 2 |  2.0
Stealth        | |  1.1

Action                     |  1- 3 |  4- 6 |  7- 9 || total
---------------------------+-------+-------+-------++-------
   Fire: Shortbow          |    99 |   117 |   201 ||   417
    Use: Scroll            |     2 |     3 |     2 ||     7
         Potion            |       |       |     1 ||     1
 Armour: Leather armour    |    40 |    32 |    31 ||   103
         Ring mail         |       |       |    79 ||    79
  Dodge: Dodged            |    31 |    28 |    92 ||   151

Table legend:
 A = Non-vault XP
 B = Vault XP
 C = Vault XP percentage of total XP
 D = Non-vault monster count
 E = Vault monster count
 F = Vault count percentage of total count
                 A         B        C        D         E       F
            +---------+---------+-------+---------+---------+-------
      Total |     904 |     534 |  37.1 |      93 |      11 |  10.6
            +---------+---------+-------+---------+---------+-------
        D:1 |      40 |       0 |   0.0 |      22 |       0 |   0.0
        D:2 |      43 |       8 |  15.7 |      17 |       3 |  15.0
        D:3 |     166 |     254 |  60.5 |      19 |       7 |  26.9
        D:4 |     195 |       0 |   0.0 |      16 |       0 |   0.0
        D:5 |     460 |     272 |  37.2 |      19 |       1 |   5.0
            +---------+---------+-------+---------+---------+-------
